 Dungeon Crawl Stone Soup version 0.20-a0-876-g2c7b0bf (webtiles) character file.

40372 JeffiDaFish the Destroyer (level 14, -2/82 HPs)
             Began as a Gargoyle Earth Elementalist on Mar 16, 2017.
             Was a High Priest of Sif Muna.
             Slain by a spiny frog (12 damage)
             ... on level 6 of the Lair of Beasts.
             The game lasted 00:52:19 (16645 turns).

JeffiDaFish the Destroyer (GrEE)                   Turns: 16645, Time: 00:52:20

Health: -2/82      AC: 25    Str: 19    XL:     14   Next: 10%
Magic:  16/28      EV: 11    Int: 15    God:    Sif Muna [*****.]
Gold:   782        SH: 11    Dex: 13    Spells: 1/33 levels left

rFire    . . .     SeeInvis .   u - +6 spear of Wysyoj {holy, rElec rPois Str+4 Int-4}
rCold    . . .     Gourm    .   m - +5 ring mail of Masochism {+Blink +Inv Slay+3}
rNeg     + . .     Faith    .   v - +2 buckler
rPois    ∞         Spirit   .   D - +0 hat
rElec    +         Reflect  .   A - +1 cloak {+Inv}
rCorr    .         Harm     .   (no gloves)
MR       +....                  f - +1 pair of boots
Stlth    +.........             (no amulet)
Regen    0.3/turn               C - +4 ring of slaying
MPRegen  0.3/turn               z - ring of wizardry

@: no status effects
A: big wings, claws 1, fangs 1, large bone plates 1, clever 1, negative energy
resistance 1, electricity resistance, strong 1, wild magic 2, unbreathing,
evolution 1, petrification resistance, rot immunity, AC +9
a: Fly, Divine Energy, Channel Magic, Forget Spell, Renounce Religion, Evoke
Blink, Evoke Invisibility


You were on level 6 of the Lair of Beasts.
You worshipped Sif Muna.
Sif Muna was extremely pleased with you.
You were not hungry.

You visited 2 branches of the dungeon, and saw 14 of its levels.
You also visited: Sewer.

You collected 782 gold pieces.

Inventory:

Hand Weapons
 u - the +6 spear of Wysyoj (weapon) {holy, rElec rPois Str+4 Int-4}
   (You found it on level 5 of the Dungeon)

   It has been blessed by the Shining One to cause great damage to the undead
   and demons.
   It affects your strength (+4).
   It affects your intelligence (-4).
   It insulates you from electricity.
   It protects you from poison.
Missiles
 b - 125 stones (quivered)
Armour
 f - a +1 pair of boots (worn)
 m - the +5 ring mail of Masochism (worn) {+Blink +Inv Slay+3}
   (You found it on level 4 of the Dungeon)

   It affects your accuracy and damage with ranged weapons and melee attacks
   (+3).
   It lets you turn invisible.
   It lets you blink.
 v - a +2 buckler (worn)
 A - a +1 cloak of invisibility (worn)
 D - a +0 hat (worn)
Jewellery
 y - an uncursed ring of see invisible
 z - a ring of wizardry (left claw)
 C - a +4 ring of slaying (right claw)
Scrolls
 a - a scroll of fog
 c - 3 scrolls of recharging
 g - 4 scrolls of blinking
 i - 3 scrolls of teleportation
 l - 2 scrolls of identify
 r - a scroll of magic mapping
 s - 2 scrolls of remove curse
 B - a scroll of summoning
 E - a scroll of enchant weapon
Potions
 e - a potion of heal wounds
 j - 8 potions of haste
 o - a potion of ambrosia
 p - a potion of magic
 q - 4 potions of might
 w - a potion of brilliance
 x - 2 potions of agility
Books
 n - a book of Power

   Spells                             Type                      Level
   a - Iskenderun's Battlesphere      Conjuration/Charms           5
   b - Venom Bolt                     Conjuration/Poison           5
   c - Bolt of Magma                  Conjuration/Fire/Earth       5
   d - Iron Shot                      Conjuration/Earth            6
   e - Orb of Destruction             Conjuration                  7
   f - Spellforged Servitor           Conjuration/Summoning        7
 G - Sif Muna's Disquisition on Lethal Attacks
   (Sif Muna gifted it to you on level 5 of the Lair of Beasts)

   Spells                             Type                      Level
   a - Throw Frost                    Conjuration/Ice              2
   b - Throw Flame                    Conjuration/Fire             2
   c - Iskenderun's Mystic Blast      Conjuration                  4
   d - Animate Dead                   Necromancy                   4
   e - Bolt of Cold                   Conjuration/Ice              6
   f - Lehudib's Crystal Spear        Conjuration/Earth            8
Comestibles
 d - 9 bread rations
 h - 13 fruits
 k - 2 chunks of flesh
 t - 6 meat rations


   Skills:
 + Level 7.1 Fighting
   Level 0.2 Maces & Flails
 + Level 6.3 Polearms
 - Level 6.2 Armour
 - Level 2.3 Dodging
 - Level 2.5 Stealth
 - Level 4.3 Shields
 * Level 10.4 Spellcasting
 * Level 11.1 Conjurations
 + Level 6.5 Transmutations
 + Level 5.0 Air Magic
 + Level 11.0 Earth Magic
 + Level 5.5 Evocations


You had one spell level left.
You knew the following spells:

 Your Spells              Type           Power        Failure   Level  Hunger
a - Sandblast             Erth           ######       1%          1    None
b - Stone Arrow           Conj/Erth      ######       1%          3    None
c - Petrify               Tmut/Erth      ######..     6%          4    ###....
d - Lee's Rapid Deconstr  Erth           ######....   6%          5    #####..
e - Lightning Bolt        Conj/Air       ######....   13%         5    #####..
f - Iron Shot             Conj/Erth      ######....   21%         6    ######.
g - Lehudib's Crystal Sp  Conj/Erth      ######....   100%        8    #######


Dungeon Overview and Level Annotations

Branches:
Dungeon (8/15)             Temple (0/1) D:7            Lair (6/6) D:8
  Swamp (0/4) Lair:2        Snake (0/4) Lair:2
  Slime: Lair:5-6

Altars:
Cheibriados
Dithmenos
Elyvilon
Fedhas
Hepliaklqana
Okawaru
Ru
Sif Muna
Uskayaw
Yredelemnul

Annotations:
Lair:2 exclusion: 3 oklob plants
Lair:4 exclusion: 3 oklob plants


Innate Abilities, Weirdness & Mutations

You are resistant to torment.
Your stone body is resilient. (AC +9)
You are immune to poison.
Your large and strong wings let you fly indefinitely.
You resist negative energy. (rN+)
You are resistant to electric shocks. (rElec)
You can survive without breathing.
You are immune to petrification.
You are immune to rotting.
You have sharp fingernails.
You have very sharp teeth.
You are partially covered in large bone plates. (SH +4)
Your mind is acute. (Int +2)
Your muscles are strong. (Str +2)
Your spells are harder to cast, but more powerful.
You evolve.


Message History

The seven-headed hydra bites you but does no damage.
The spiny frog closely misses you.
You closely miss the spiny frog.
You bite the spiny frog, but do no damage.
The spiny frog is almost dead.
The seven-headed hydra closely misses you.
You block the seven-headed hydra's attack.
The seven-headed hydra bites you but does no damage. x2
The seven-headed hydra bites you.
The seven-headed hydra bites you but does no damage.
You block the seven-headed hydra's attack.
The spiny frog stings you!
* * * LOW HITPOINT WARNING * * *
The spiny frog stings you!
* * * LOW HITPOINT WARNING * * *
You puncture the spiny frog!
You kill the spiny frog!
Sif Muna accepts your kill. The spiny frog stings you!
You die...

# ######......#
≈≈####.....#....##
....P≈...........##
≈≈.≈...........)..#
≈P≈≈.............#
P≈≈≈P...........#
≈≈≈P≈≈†.........#
≈≈≈≈≈≈...tFD....##
≈≈≈≈≈≈.P...@.....#
≈≈≈≈≈≈.≈.........#
≈≈≈≈≈............#
≈≈≈≈≈≈...#.#....##
≈≈≈≈≈≈..#####...#
≈≈≈≈≈≈..# #....##
##
≈≈≈≈≈.#####.....##
..####
#≈≈≈.#........#.#
≈P≈.≈######
#.........##


You could see a seven-headed hydra, a spiny frog and a crocodile (petrified).

Vanquished Creatures
  Rupert (Lair:3)
  Gastronok (Lair:2)
  The ghost of Firebatgyro the Fighter, a journeyman DsMo of Gozag (Lair:5)
  Nessos (Lair:4)
  5 hydras
  A catoblepas (Lair:6)
  4 death yaks (Lair:2)
  Sonja (Lair:3)
  Pikel (D:8)
  2 oklob plants
  10 elephants
  2 black mambas
  Maurice (D:8)
  15 spiny frogs
  A rime drake (Lair:6)
  4 komodo dragons
  4 polar bears
  A hornet (D:8)
  16 blink frogs
  A tyrant leech (Lair:6)
  3 hippogriffs
  13 yaks
  A basilisk (Lair:1)
  Grum (D:8)
  3 vampire mosquitoes (Lair:6)
  4 nagas (Lair:2)
  16 water moccasins
  11 porcupines
  A phantom (D:6)
  4 orc warriors
  A sky beast (D:5)
  A slave (D:8)
  3 ogres
  14 wolves
  8 centaurs
  15 crocodiles
  A big kobold (D:8)
  19 bullfrogs
  2 scorpions
  A howler monkey (D:8)
  4 crimson imps
  A jelly (D:5)
  3 orc priests
  A bullfrog skeleton (D:7)
  A hound (D:6)
  An iguana (D:4)
  3 orc wizards
  4 worker ants
  A killer bee zombie (D:7)
  2 hound zombies (D:8)
  A gnoll (D:1)
  16 adders
  4 river rats
  4 shadow imps (D:5)
  An ooze (D:3)
  An adder skeleton (D:6)
  7 worms
  3 dart slugs
  8 leopard geckos
  25 orcs
  14 ball pythons
  6 giant cockroaches
  6 goblins
  7 hobgoblins
  11 jackals
  18 kobolds
  7 quokkas
  6 bats
  10 frilled lizards
  A jackal skeleton (D:6)
  A leopard gecko skeleton (D:5)
  36 rats
409 creatures vanquished.

Vanquished Creatures (collateral kills)
  A spiny frog (Lair:2)
1 creature vanquished.

Vanquished Creatures (others)
  A slave (D:8)
  A bush (Lair:2)
  25 fungi
  34 plants
61 creatures vanquished.

Grand Total: 471 creatures vanquished

Notes
Turn   | Place    | Note
-------+----------+-------------------------------------------
     0 | D:1      | JeffiDaFish the Gargoyle Earth Elementalist began the quest for the Orb.
     0 | D:1      | Reached XP level 1. HP: 10/10 MP: 3/3
    38 | D:1      | Gained mutation: You are clumsy. (Dex -2) [potion of mutation]
    38 | D:1      | Gained mutation: You evolve. [potion of mutation]
    38 | D:1      | Gained mutation: Your mind is acute. (Int +2) [potion of mutation]
   154 | D:1      | Reached XP level 2. HP: 15/15 MP: 0/5
   433 | D:1      | Reached XP level 3. HP: 13/19 MP: 3/6
   938 | D:2      | Found a blossoming altar of Fedhas.
  1008 | D:2      | Learned a level 3 spell: Stone Arrow
  1026 | D:2      | Reached XP level 4. HP: 17/24 MP: 5/8
  1181 | D:2      | Gained mutation: You have sharp fingernails. [evolution]
  1193 | D:2      | Reached skill level 1 in Polearms
  1702 | D:2      | Reached XP level 5. HP: 28/28 MP: 4/9
  1918 | D:2      | Reached skill level 1 in Fighting
  2053 | D:2      | Gained mutation: Your spells are a little harder to cast, but a little more powerful. [evolution]
  2198 | D:3      | Found a hazy altar of Hepliaklqana.
  2458 | D:3      | Found a white marble altar of Elyvilon.
  2645 | D:3      | Reached XP level 6. HP: 35/35 MP: 7/11
  2830 | D:4      | Found a shadowy altar of Dithmenos.
  2976 | D:4      | Reached skill level 5 in Earth Magic
  2997 | D:4      | Found an iron altar of Okawaru.
  3188 | D:4      | Gained mutation: You have very sharp teeth. [evolution]
  3193 | D:4      | Got an aquamarine-encrusted ring mail
  3204 | D:4      | Identified the +5 ring mail of Masochism {+Blink +Inv Slay+3} (You found it on level 4 of the Dungeon)
  3301 | D:5      | Entered Level 5 of the Dungeon
  3313 | D:5      | Found a glowing drain.
  3336 | D:5      | Reached skill level 1 in Conjurations
  3372 | Sewer    | Entered a sewer
  3391 | Sewer    | Reached skill level 1 in Armour
  3459 | Sewer    | Reached XP level 7. HP: 40/40 MP: 4/12
  3762 | Sewer    | Gained mutation: You are partially covered in large bone plates. (SH +4) [evolution]
  4018 | D:5      | Learned a level 4 spell: Petrify
  4111 | D:5      | Found a basalt altar of Yredelemnul.
  4133 | D:5      | Reached skill level 1 in Transmutations
  4208 | D:5      | Got a dazzling spear
  4209 | D:5      | Identified the +6 spear of Wysyoj {holy, rElec rPois Str+4 Int-4} (You found it on level 5 of the Dungeon)
  4241 | D:5      | Found a deep blue altar of Sif Muna.
  4244 | D:5      | Became a worshipper of Sif Muna the Loreminder
  4268 | D:5      | Reached XP level 8. HP: 45/46 MP: 9/14
  4363 | D:5      | Found a sacrificial altar of Ru.
  4662 | D:6      | Lost mutation: You are clumsy. (Dex -2) [evolution]
  4791 | D:6      | Found a hide-covered altar of Uskayaw.
  4902 | D:6      | Got a shimmering leather armour
  4913 | D:6      | Identified the cursed +0 leather armour of the Ancient Realms {rElec rN+} (You found it on level 6 of the Dungeon)
  4997 | D:6      | Reached * piety under Sif Muna
  4997 | D:6      | Reached skill level 1 in Shields
  4997 | D:6      | Reached skill level 5 in Spellcasting
  5504 | D:7      | Reached XP level 9. HP: 48/50 MP: 13/16
  5589 | D:7      | Found a staircase to the Ecumenical Temple.
  5973 | D:8      | Noticed Grum
  5991 | D:7      | Reached skill level 5 in Armour
  6319 | D:8      | Noticed Maurice
  6332 | D:8      | Killed Maurice
  6332 | D:8      | Reached skill level 5 in Conjurations
  6375 | D:8      | Reached ** piety under Sif Muna
  6557 | D:8      | Learned a level 5 spell: Lee's Rapid Deconstruction
  6590 | D:8      | Noticed Pikel
  6714 | D:8      | Killed Pikel
  6714 | D:8      | Reached XP level 10. HP: 38/56 MP: 12/19
  6810 | D:8      | Found a snail-covered altar of Cheibriados.
  6922 | D:8      | Killed Grum
  7081 | D:8      | Found a staircase to the Lair.
  7338 | D:8      | Learned a level 5 spell: Lightning Bolt
  7478 | Lair:1   | Entered Level 1 of the Lair of Beasts
  7542 | Lair:1   | Reached *** piety under Sif Muna
  7556 | Lair:1   | Noticed a spiny frog
  7565 | Lair:1   | Killed a spiny frog
  7565 | Lair:1   | Reached skill level 1 in Air Magic
  7565 | Lair:1   | Reached skill level 1 in Evocations
  7723 | Lair:1   | You fall through a shaft!
  7724 | Lair:2   | Noticed Gastronok
  7745 | Lair:2   | Killed Gastronok
  7745 | Lair:2   | Reached XP level 11. HP: 46/61 MP: 3/22
  7839 | Lair:2   | Found a staircase to the Snake Pit.
  7928 | Lair:2   | Noticed a death yak
  7929 | Lair:2   | Noticed a death yak
  7930 | Lair:2   | Noticed a death yak
  7980 | Lair:1   | Noticed a seven-headed hydra
  7991 | Lair:1   | Killed a seven-headed hydra
  7991 | Lair:1   | Reached **** piety under Sif Muna
  9439 | Lair:2   | Noticed an oklob plant
  9452 | Lair:2   | Killed an oklob plant
  9555 | Lair:2   | Noticed an oklob plant
  9555 | Lair:2   | Noticed an oklob plant
  9555 | Lair:2   | Noticed an oklob plant
  9571 | Lair:2   | Noticed a death yak
  9590 | Lair:2   | Killed a death yak
  9590 | Lair:2   | Reached skill level 5 in Transmutations
  9723 | Lair:2   | Reached skill level 5 in Fighting
  9723 | Lair:2   | Reached XP level 12. HP: 50/68 MP: 24/24
  9958 | Lair:2   | Killed a death yak
 10015 | Lair:2   | Gained mutation: Your muscles are strong. (Str +2) [evolution]
 10176 | Lair:2   | Found a staircase to the Swamp.
 10354 | Lair:2   | Reached ***** piety under Sif Muna
 10715 | Lair:2   | Killed a death yak
 10746 | Lair:2   | Killed a death yak
 11022 | Lair:2   | Identified Sif Muna's Guide on Dark Cold (Sif Muna gifted it to you on level 2 of the Lair of Beasts)
 11022 | Lair:2   | Received a gift from Sif Muna
 11065 | Lair:2   | Found a deep blue altar of Sif Muna.
 11120 | Lair:2   | Gained mutation: Your spells are harder to cast, but more powerful. [evolution]
 11394 | Lair:3   | Noticed Rupert
 11403 | Lair:3   | Paralysed by Rupert for 3 turns
 11416 | Lair:3   | Killed Rupert
 11416 | Lair:3   | Reached skill level 5 in Polearms
 11416 | Lair:3   | Reached skill level 10 in Earth Magic
 11465 | Lair:3   | HP: 3/69 [blink frog (7)]
 11647 | Lair:3   | Noticed Sonja
 11649 | Lair:3   | Killed Sonja
 11667 | Lair:3   | Reached XP level 13. HP: 24/74 MP: 26/26
 11825 | Lair:3   | Reached skill level 10 in Conjurations
 13819 | Lair:4   | Noticed Nessos
 13832 | Lair:4   | Killed Nessos
 14421 | Lair:4   | Learned a level 6 spell: Iron Shot
 14886 | Lair:5   | Identified Sif Muna's Disquisition on Lethal Attacks (Sif Muna gifted it to you on level 5 of the Lair of Beasts)
 14886 | Lair:5   | Received a gift from Sif Muna
 14901 | Lair:5   | Reached skill level 10 in Spellcasting
 14918 | Lair:5   | Learned a level 8 spell: Lehudib's Crystal Spear
 15401 | Lair:5   | Noticed Firebatgyro's ghost (journeyman DsMo)
 15615 | Lair:5   | Killed Firebatgyro's ghost
 15964 | Lair:5   | Identified the +4 glaive of Conformity {protect, *Noise rF+++ MP-9 Str+3} (You found it on level 5 of the Lair of Beasts)
 16079 | Lair:6   | Entered Level 6 of the Lair of Beasts
 16091 | Lair:6   | Reached skill level 5 in Evocations
 16364 | Lair:6   | Gained mutation: Your large and strong wings let you fly indefinitely. [Gargoyle growth]
 16364 | Lair:6   | Reached XP level 14. HP: 40/82 MP: 19/28
 16486 | Lair:6   | Reached skill level 5 in Air Magic
 16645 | Lair:6   | Slain by a spiny frog

Vault maps used:
D:1:      scummos_arrival_hexagon
D:2:      fedhas_altar_1
D:3:      overflow_temple_1_default, lemuel_round_altar
D:4:      nicolae_dithmenos_shadow_blocks, first_bread, okawaru_trees_1
D:5:      nicolae_ru_sacrificial_ziggurat, old_standard_altar,
          portal_sewer_entry_a, lemuel_blue_sif_altar
D:6:      eat_drink_and_be_merry_uskayaw
D:7:      minmay_temple_entry_water_ring, hangedman_decor_lopped,
          hangedman_abyss_or_decor_stabs
D:8:      overflow_temple_1_default, grunt_lair_entry_orc_guard_hut, uniq_grum,
          uniq_maurice, uniq_pikel
Lair:1:   grunt_megastairs_2, lemuel_fruit_fields
Lair:2:   minmay_swamp_entry_reptiles, minmay_snake_entry_guardpost_small,
          lemuel_centaur_altar, grunt_megastairs_4, minmay_lair_oklob_chamber,
          uniq_gastronok
Lair:3:   enter_volcano_1, st_stairs_5, serial_bayou_shore_b,
          grunt_megastairs_1, uniq_sonja, uniq_rupert
Lair:4:   dpeg_oklob_gauntlet, uniq_nessos
Lair:5:   beast_lair_carwin_9
Lair:6:   minmay_lair_end_frog_pond, dpeg_slime_entry_enclosed_altar
Sewer:    sewer_minmay_w

Skill      XL: |  1  2  3  4  5  6  7  8  9 10 11 12 13 14 |
---------------+-------------------------------------------+-----
Earth Magic    | 4 5 6 7 8 9 10 11 | 11.0
Polearms       | 1 2 3 4 5 6 |  6.3
Spellcasting   | 3 4 5 6 7 8 9 10 | 10.4
Fighting       | 1 2 3 4 5 6 7 |  7.1
Dodging        | 2 |  2.3
Conjurations   | 1 2 4 5 7 8 9 11 | 11.1
Armour         | 1 2 4 6 |  6.2
Transmutations | 1 2 3 4 5 6 |  6.5
Shields        | 1 4 |  4.3
Air Magic      | 1 2 3 4 5 |  5.0
Evocations     | 2 3 4 5 |  5.5
Maces & Flails | |  0.2
Stealth        | |  2.5

Action                   |  1- 3 |  4- 6 |  7- 9 | 10-12 | 13-15 || total
-------------------------+-------+-------+-------+-------+-------++-------
Melee: Whip              |     5 |       |       |       |       ||     5
       Spear             |    64 |   174 |   343 |   487 |   401 ||  1469
       Bite              |       |     3 |    19 |    62 |    68 ||   152
 Cast: Sandblast         |    30 |    57 |    51 |    84 |    31 ||   253
       Stone Arrow       |       |    10 |    29 |    93 |    38 ||   170
       Petrify           |       |       |     2 |     1 |     4 ||     7
       Lee's Rapid Decon |       |       |       |    14 |     6 ||    20
       Lightning Bolt    |       |       |       |       |    16 ||    16
       Iron Shot         |       |       |       |       |     1 ||     1
 Abil: Evoke Blink       |       |       |       |     4 |     1 ||     5
  Use: Scroll            |     5 |     6 |     5 |     8 |     4 ||    28
       Potion            |     4 |     4 |     5 |     6 |     1 ||    20
 Stab: Sleeping          |       |     3 |     2 |       |       ||     5
       Invisible         |       |     1 |       |       |       ||     1
       Petrified         |       |       |     6 |       |       ||     6
  Eat: Chunk             |     1 |     9 |    14 |    19 |    19 ||    62
       Royal jelly       |       |       |       |     2 |     3 ||     5
Armor: Robe              |    19 |       |       |       |       ||    19
       Leather armour    |     6 |    55 |       |       |       ||    61
       Ring mail         |       |     6 |   242 |   212 |   263 ||   723
Dodge: Dodged            |    40 |    82 |   216 |   185 |   207 ||   730
Block: Other             |       |       |     7 |       |       ||     7
       Buckler           |       |       |    92 |   277 |   277 ||   646
